 Dungeon Crawl Stone Soup version 0.29-a0-872-g797fff5ad1 (webtiles) character file.

Game seed: 12376556956445727378

7952 DungeonMaster the Imperceptible (level 11, -1/49 HPs)
             Began as a Spriggan Brigand on July 18, 2022.
             Was an Initiate of Gozag.
             Slain by a sun demon (19 damage)
             ... summoned by a kobold demonologist
             ... on level 9 of the Dungeon.
             The game lasted 00:31:37 (13205 turns).

DungeonMaster the Imperceptible (Spriggan Brigand) Turns: 13205, Time: 00:31:37

Health: -1/49      AC:  5    Str:  7    XL:     11   Next: 3%
Magic:  0/12       EV: 16    Int: 14    God:    Gozag
Gold:   215        SH:  0    Dex: 20    Spells: 10/10 levels left

rFire   . . .      SeeInvis +   a - +3 dagger (venom)
rCold   . . .      Faith    .   (no shield)
rNeg    . . .      Spirit   +   r - +0 steam dragon scales
rPois   .          Reflect  .   (helmet restricted)
rElec   .          Harm     .   J - scarf {shadows}
rCorr   .          Rampage  .   (gloves unavailable)
Will    +....                   (boots unavailable)
Stlth   +++++++++.              o - amulet of guardian spirit
HPRegen 0.16/turn               (no ring)
MPRegen 0.13/turn               (no ring)

@: very quick
A: very small, no large weapons, unfitting armour, see invisible, speed 3
a: Renounce Religion, Potion Petition, Call Merchant, Bribe Branch


You were on level 9 of the Dungeon.
You worshipped Gozag.
Gozag was aware of your devotion.
You visited 2 branches of the dungeon, and saw 10 of its levels.
You also visited: Bailey.

You collected 865 gold pieces.
You spent 539 gold pieces at shops.
You paid 111 gold pieces to Gozag.

Inventory:

Hand Weapons
 a - a +3 dagger of venom (weapon)
 b - a +3 dagger
 d - a +3 short sword of freezing
 q - a +3 falchion of freezing
 s - a +2 short sword of speed
 A - a +1 antimagic flail
 B - a +3 dagger of chaos
Missiles
 g - 18 stones
 u - 2 curare-tipped darts
 C - 28 poisoned darts (quivered)
 F - 3 boomerangs
Armour
 c - a +0 cloak
 r - +0 steam dragon scales (worn)
 I - a +2 robe of positive energy
 J - a scarf of shadows (worn)
Magical Staves
 f - a staff of conjuration
Jewellery
 j - an amulet of magic regeneration
 o - an amulet of guardian spirit (around neck)
Wands
 p - a wand of polymorph (8)
 D - a wand of roots (3)
Scrolls
 e - a scroll of blinking
 i - 4 scrolls of teleportation
 v - a scroll of enchant armour {unknown}
 x - 3 scrolls of vulnerability {unknown}
 y - a scroll of magic mapping
 H - 2 scrolls of immolation
 K - a scroll of identify
Potions
 h - 3 potions of haste
 k - 2 potions of ambrosia
 l - 4 potions of might
 m - 3 potions of brilliance
 n - 4 potions of heal wounds
 t - 2 potions of berserk rage
 w - 8 potions of curing
 z - a potion of magic {unknown}
 E - 2 potions of flight {unknown}
 G - a potion of degeneration {unknown}


   Skills:
 - Level 1.5 Fighting
 - Level 2.1 Short Blades
 - Level 2.0 Throwing
 - Level 1.3 Dodging
 + Level 25.0 Stealth


You had 10 spell levels left.
You didn't know any spells.
Your spell library contained the following spells:

 Spells                   Type           Power      Damage    Failure   Level
 Borgnjor's Vile Clutch   Necr/Erth      0%         N/A       100%        5
 Death Channel            Necr           0%         N/A       100%        6
 Animate Dead             Necr           Unusable   N/A       N/A         4

Dungeon Overview and Level Annotations

Branches:
Dungeon (9/15)             Temple (1/1) D:7            Lair (0/5) D:8
 Bailey (visited)
    Orc: D:9-12

Altars:
Ashenzari
Cheibriados
Dithmenos
Elyvilon
Fedhas
Gozag
Hepliaklqana
Kikubaaqudgha
Makhleb
Nemelex Xobeh
Okawaru
Qazlal
Ru
Sif Muna
Trog
Uskayaw
Vehumet
Wu Jian
Xom
Yredelemnul
Zin
The Shining One

Shops:
D:1 *   D:8 !   D:9 [


Innate Abilities, Weirdness & Mutations

You are very small and have problems with some larger weapons.
You are too small for most types of armour.
You have supernaturally acute eyesight. (SInv)
You cover ground extremely quickly. (Speed+++)


Message History

The yak gores you.
You hit the yak but do no damage.
The yak is almost dead.
The yak gores you but does no damage.
You kill the yak!
Found 15 gold pieces.
You now have enough gold to buy 2 potions of mutation on D:8.
You can access your shopping list by pressing '$'.
You now have 215 gold pieces (gained 15).
You see here 8 stones.
n - 4 potions of heal wounds (gained 1)
Found a scale mail.
There is an open door here.
A kobold demonologist comes into view.
It is wielding a +0 dagger and wearing a +2 robe of willpower.
The kobold demonologist misses you.
You hit the kobold demonologist but do no damage.
You closely miss the kobold demonologist.
The kobold demonologist hits you but does no damage.
You hit the kobold demonologist but do no damage.
The kobold demonologist closely misses you.
You hit the kobold demonologist but do no damage.
The kobold demonologist is poisoned.
The kobold demonologist misses you.
You hit the kobold demonologist.
The kobold demonologist looks as sick as possible!
The kobold demonologist is lightly wounded.
The kobold demonologist hits you with a +0 dagger.
You hit the kobold demonologist but do no damage.
The kobold demonologist looks as sick as possible!
The kobold demonologist is lightly wounded.
The kobold demonologist mumbles some strange words.
You hit the kobold demonologist.
The kobold demonologist is moderately wounded.
The kobold demonologist casts a spell.
The sun demon hits you!!
You are engulfed in flames!
You hit the kobold demonologist.
The kobold demonologist looks as sick as possible!
The kobold demonologist is moderately wounded.
The sun demon hits you!!
You die...
Your body crumbles into a pile of gold.

..........'.........+
##.#...#.##.........#
#.......###.......#
#####.#.###......#
#.......#...##
###.######'## .# #.#
#.#### #5@K5#
.....3.#.# .##..5..
.. ##....# ... ##[..#
.. ##... . #.##


You could see a sun demon (summoned), a kobold demonologist (extremely
poisoned), a quasit (summoned) and 2 crimson imps.

Vanquished Creatures
  5 death yaks
  Psyche (D:9)
  A troll (D:9)
  Sigmund (D:6)
  2 wyverns
  6 yaks
  2 vampire mosquitoes (D:9)
  3 steam dragons
  2 water moccasins
  An ice beast (D:5)
  2 ogres (D:5)
  A centaur (D:6)
  5 bullfrogs
  4 kobold brigands (D:6)
  A gnoll sergeant (D:8)
  2 scorpions
  3 necrophages
  5 wights
  A killer bee (D:7)
  4 howler monkeys
  2 hounds (D:5)
  An orc priest (D:8)
  A gnoll bouda (D:7)
  A jelly (D:6)
  Jessica (D:3)
  Natasha (thrice) (D:2)
  2 iguanas (D:6)
  An orc wizard (D:7)
  10 gnolls
  8 adders
  2 shadow imps
  3 ufetubi
  3 worms
  5 dart slugs
  20 orcs
  6 ball pythons
  9 endoplasms
  2 giant cockroaches
  13 goblins
  6 hobgoblins
  26 kobolds
  2 quokkas
  5 bats
  3 frilled lizards
  7 rats
  A spectral kobold (D:3)
195 creatures vanquished.

Notes
Turn   | Place    | Note
-------+----------+-------------------------------------------
     0 | D:1      | DungeonMaster the Spriggan Brigand began the quest for the
                  | Orb.
     0 | D:1      | Reached XP level 1. HP: 10/10 MP: 2/2
    43 | D:1      | Reached skill level 6 in Stealth
   109 | D:1      | Reached XP level 2. HP: 4/14 MP: 3/3
   554 | D:3      | Reached skill level 7 in Stealth
   684 | D:2      | Found a faded altar of an unknown god.
  1033 | D:2      | Reached XP level 3. HP: 10/18 MP: 4/4
  1047 | D:2      | Noticed Natasha
  1750 | D:3      | Found a hazy altar of Hepliaklqana.
  1755 | D:3      | Reached skill level 8 in Stealth
  2075 | D:3      | Noticed Jessica
  2092 | D:3      | Killed Jessica
  2093 | D:3      | Reached XP level 4. HP: 22/22 MP: 5/5
  2481 | D:2      | Reached skill level 9 in Stealth
  2486 | D:2      | Killed Natasha
  2675 | D:2      | Noticed Natasha
  2911 | D:2      | Killed Natasha
  2912 | D:2      | Reached XP level 5. HP: 13/25 MP: 6/6
  3132 | D:2      | Noticed Natasha
  3140 | D:2      | Killed Natasha
  3141 | D:2      | Reached skill level 10 in Stealth
  3354 | D:1      | Found Xititej's General Store.
  3794 | D:4      | Reached skill level 11 in Stealth
  3801 | D:4      | Noticed a phantom
  4154 | D:4      | Reached XP level 6. HP: 30/30 MP: 7/7
  4657 | D:5      | Entered Level 5 of the Dungeon
  4692 | D:5      | Noticed an ice beast
  4697 | D:5      | Found a snail-covered altar of Cheibriados.
  4698 | D:5      | Found an iron altar of Okawaru.
  4698 | D:5      | Found a sparkling altar of Nemelex Xobeh.
  4949 | D:6      | Reached skill level 12 in Stealth
  4969 | D:6      | Reached XP level 7. HP: 33/33 MP: 8/8
  4974 | D:6      | Reached skill level 13 in Stealth
  5175 | D:6      | Noticed Sigmund
  5178 | D:6      | Killed Sigmund
  5179 | D:6      | Reached skill level 14 in Stealth
  5405 | D:6      | Noticed a steam dragon
  5408 | D:6      | Killed a steam dragon
  5409 | D:6      | Reached skill level 15 in Stealth
  5409 | D:6      | Reached XP level 8. HP: 37/37 MP: 9/9
  5824 | D:6      | Reached skill level 16 in Stealth
  6007 | D:5      | Noticed Blork the orc
  6084 | D:5      | Noticed Blork
  6084 | D:5      | Blork the orc changed into Blork the dart slug
  6134 | D:5      | Killed Blork the dart slug
  6478 | D:5      | Reached skill level 17 in Stealth
  7359 | D:6      | Reached skill level 18 in Stealth
  8003 | D:7      | Reached XP level 9. HP: 38/39 MP: 10/10
  8246 | D:7      | Reached skill level 19 in Stealth
  8447 | D:7      | Found a staircase to the Ecumenical Temple.
  8471 | Temple   | Entered the Ecumenical Temple
  8542 | Temple   | Became a worshipper of Gozag Ym Sagoz the Greedy
  9293 | D:7      | Reached skill level 20 in Stealth
  9362 | D:8      | Noticed a death yak
  9362 | D:8      | Noticed a death yak
  9362 | D:8      | Noticed a death yak
  9362 | D:8      | Found a staircase to the Lair.
  9364 | D:8      | Killed a death yak
  9365 | D:8      | Reached skill level 21 in Stealth
  9365 | D:8      | Noticed a death yak
  9366 | D:8      | Noticed a death yak
  9389 | D:7      | You fall into a shaft and drop 1 floor!
  9414 | D:8      | Found Mucegank's Distillery.
  9969 | D:8      | Bought 2 potions of curing for 78 gold pieces
  9969 | D:8      | Bought a potion of invisibility for 104 gold pieces
  9969 | D:8      | Bought a potion of heal wounds for 65 gold pieces
 10245 | D:6      | Killed a death yak
 10246 | D:6      | Reached skill level 22 in Stealth
 10246 | D:6      | Reached XP level 10. HP: 20/46 MP: 2/11
 10700 | D:7      | Killed a death yak
 11116 | D:7      | Reached skill level 23 in Stealth
 11732 | D:7      | Killed a death yak
 11932 | D:7      | Killed a death yak
 11933 | D:7      | Reached skill level 24 in Stealth
 12313 | D:9      | Noticed Psyche
 12320 | D:9      | Killed Psyche
 12513 | D:9      | Found Yliv's Antique Armour Shop.
 12518 | D:9      | Bought an embroidered robe for 92 gold pieces
 12538 | D:9      | Bought a glowing scarf for 200 gold pieces
 12686 | D:9      | Found a flagged portal.
 12696 | Bailey   | Entered a bailey
 12949 | D:9      | Reached skill level 25 in Stealth
 12949 | D:9      | Reached XP level 11. HP: 32/49 MP: 7/12
 13204 | D:9      | Noticed a sun demon
 13205 | D:9      | Slain by a sun demon

Illustrated notes

Levels and vault maps discovered:
D:1:      amcnicky_arrival_gap_in_the_tavern_cellar, layout_rooms, serial_shops,
          nicolae_shop_trees, minmay_quantized
D:2:      layout_basic, dreamdust_ecumenical_altar_statues, minmay_statues_item,
          uniq_natasha
D:3:      layout_loops_ring, nicolae_hepliaklqana_monster_ancestors,
          minmay_misc_feat_five, uniq_jessica
D:4:      layout_loops_ring
D:5:      minmay_angry_zag, layout_cave_pools,
          chequers_temple_overflow_statue_of_worship,
          minmay_fractal_squares_gapless_5, uniq_blork_the_orc
D:6:      layout_basic, uniq_sigmund
D:7:      kennysheep_spiral_hall, layout_loops_ring,
          minmay_temple_entry_purple_smoke
D:8:      layout_gridville, dpeg_lair_monsters, serial_shops,
          nicolae_shop_advertising_works [nicolae_subvault_shop_adworks]
D:9:      layout_loops_corners, enter_bailey_3, serial_shops,
          nicolae_shop_temple_entry_statues_fountains, uniq_psyche
Temple:   nicolae_temple_two_arcs

Skill      XL: |  1  2  3  4  5  6  7  8  9 10 |
---------------+-------------------------------+-----
Stealth        | 6 7 8 9 11 12 15 18 22 25 | 25.0
Fighting       | |  1.5
Short Blades   | |  2.1
Throwing       | |  2.0
Dodging        | |  1.3

Action                   |  1- 3 |  4- 6 |  7- 9 | 10-12 || total
-------------------------+-------+-------+-------+-------++-------
Melee: Dagger            |    72 |   125 |   103 |    63 ||   363
       Punch             |       |     1 |     5 |       ||     6
       Short sword       |       |       |   200 |    21 ||   221
Throw: Dart              |    15 |    47 |    69 |    39 ||   170
       Stone             |       |       |     2 |       ||     2
Evoke: Wand              |       |       |     4 |     2 ||     6
  Use: Scroll            |     2 |    10 |     5 |       ||    17
       Potion            |       |       |     1 |     1 ||     2
 Stab: Sleeping          |    18 |    14 |    27 |     5 ||    64
       Distracted        |     1 |       |     2 |     2 ||     5
Armor: Robe              |     7 |    12 |     1 |       ||    20
       Steam dragon scal |       |       |    42 |     8 ||    50
Dodge: Dodged            |    28 |    85 |   172 |    51 ||   336

Table legend: (Time is in decaauts)
 A = Elapsed time spent in this place.
 B = Non-inter-level travel time spent in this place.
 C = Inter-level travel time spent in this place.
 D = Time resting spent in this place.
 E = Time spent auto-exploring this place.
 F = Levels seen in this place.
 G = Mean time per level.
                   A        B        C        D        E       F      G
               +--------+--------+--------+--------+--------+-----+--------+
         Total |  10441 |  10189 |    252 |   3493 |   3888 |  11 |  949.2 |
       Dungeon |  10273 |  10026 |    247 |   3477 |   3862 |   9 | 1141.4 |
        Temple |     48 |     43 |      5 |      0 |     25 |   1 |   48.0 |
        Bailey |    119 |    119 |      0 |     16 |      0 |   1 |  119.0 |
               +--------+--------+--------+--------+--------+-----+--------+

Top non-repeatable levels by time:
     D:7: 2672 daAuts
     D:2: 1894 daAuts
     D:6: 1652 daAuts
     D:5: 1003 daAuts
     D:4: 679 daAuts
     D:8: 655 daAuts
     D:3: 593 daAuts
     D:9: 567 daAuts
     D:1: 555 daAuts
  Bailey: 119 daAuts
  Temple: 48 daAuts
